 Dungeon Crawl Stone Soup version 0.30-a0-310-g7d6cbdfea6 (webtiles) character file.

Game seed: 2128586455818840843

800 freelancePsychic the Cudgeller (level 7, 0/58 HPs)
             Began as an Armataur Warper on Oct 25, 2022.
             Was a Priest of Nemelex Xobeh.
             Slain by a gnoll
             ... wielding a +0 flail
              (7 damage)
             ... on level 5 of the Dungeon.
             The game lasted 00:05:30 (3699 turns).

freelancePsychic the Cudgeller (Armataur Warper)    Turns: 3699, Time: 00:05:31

Health: 0/58       AC:  6    Str: 18    XL:     7   Next: 59%
Magic:  10/10      EV:  7    Int: 14    God:    Nemelex Xobeh [***...]
Gold:   205        SH:  0    Dex:  9    Spells: 9/9 levels left

rFire   . . .      SeeInvis .    p - +0 flail
rCold   . . .      Faith    .    (no shield)
rNeg    . . .      Spirit   .    a - +0 scale mail
rPois   .          Reflect  .    (no helmet)
rElec   .          Harm     .    (no cloak)
rCorr   .          Roll     +    (no gloves)
Will    +....                    (no barding)
Stlth   ..........               (no amulet)
HPRegen 0.29/turn                g - ring of willpower
MPRegen 0.12/turn                (no ring)

@: no status effects
A: large, rugged brown scales 3, deformed body, armoured tail, roll, long
tongue, awkward tongue
a: Renounce Religion, Draw Escape, Draw Destruction, Draw Summoning, Triple Draw


You were on level 5 of the Dungeon.
You worshipped Nemelex Xobeh.
Nemelex Xobeh was most pleased with you.
You visited 1 branch of the dungeon, and saw 5 of its levels.

You collected 205 gold pieces.

Inventory:

Hand Weapons
 p - a +0 flail (weapon)
Missiles
 d - 7 boomerangs of dispersal
 w - 3 curare-tipped darts (quivered)
Armour
 a - a +0 scale mail (worn)
 b - a +0 leather armour
 h - a +0 plate armour
 k - a +0 ring mail
Jewellery
 g - a ring of willpower (left hand)
Scrolls
 c - a scroll of blinking
 i - a scroll of immolation {unknown}
 l - 2 scrolls of teleportation {@r4}
 o - 2 scrolls of magic mapping
 q - 2 scrolls of poison
 t - a scroll of enchant weapon {unknown}
 v - a scroll of fog
 y - a scroll of enchant armour {unknown}
Potions
 e - a potion of berserk rage {unknown}
 f - 4 potions of heal wounds {unknown}
 j - a potion of resistance {unknown}
 m - 2 potions of attraction {unknown}
 n - a potion of ambrosia {unknown}
 r - a potion of flight {unknown}
 s - a potion of degeneration {unknown}
 u - a potion of curing {unknown}
 x - a potion of brilliance {unknown}
 z - a potion of magic {unknown}
 A - a potion of cancellation {unknown}


   Skills:
 + Level 2.0 Fighting
 * Level 6.6 Maces & Flails
 - Level 0.8 Throwing
 + Level 1.6 Armour
 - Level 1.3 Dodging
 - Level 1.7 Spellcasting
 - Level 3.0 Translocations
 - Level 4.4 Invocations


You had 9 spell levels left.
You didn't know any spells.
Your spell library contained the following spells:

 Spells                   Type           Power      Damage    Failure   Level
 Blink                    Tloc           18%        N/A       34%         2
 Momentum Strike          Conj/Tloc      10%        3d8       54%         2
 Lesser Beckoning         Tloc           18%        N/A       56%         3
 Teleport Other           Tloc           9%         N/A       56%         3
 Vhi's Electric Charge    Tloc/Air       10%        N/A       77%         3
 Manifold Assault         Tloc           9%         N/A       92%         4


Dungeon Overview and Level Annotations

Branches:
Dungeon (5/15)
 Temple: D:4-7

Altars:
Nemelex Xobeh
Sif Muna
Uskayaw


Innate Abilities, Weirdness & Mutations

You are completely covered in rugged brown scales. (AC +3, +7% HP)
Armour fits poorly on your strangely shaped body.
You have a long armoured tail.
You roll when moving toward enemies. (Rampage)
Your long tongue fully drains potion bottles. (2x potion effects)
Your tongue gives you trouble enunciating. (1.5x scroll delay)


Message History

The ice beast is moderately wounded.
The ice beast barely misses you.
You draw a card...
You have drawn Exile.
The ice beast hits you but does no damage.
You closely miss the ice beast.
The ice beast is moderately wounded.
The ice beast hits you. The ice beast freezes you!
The gnoll closely misses you.
You draw a card...
You have drawn the Elixir.
You begin rapidly regenerating health and magic.
The ice beast barely misses you. The gnoll barely misses you.
You hit the ice beast but do no damage.
The ice beast is moderately wounded.
The ice beast hits you but does no damage.
The gnoll barely misses you. The ice beast completely misses you.
The gnoll hits you with a +0 flail.
You hit the ice beast.
The ice beast is moderately wounded.
The gnoll hits you with a +0 flail.
The ice beast hits you but does no damage.
You hit the ice beast but do no damage. You tail-slap the ice beast!
The ice beast is heavily wounded.
The gnoll hits you with a +0 flail!
The ice beast hits you but does no damage.
You closely miss the ice beast.
The ice beast is heavily wounded.
The gnoll barely misses you.
The ice beast hits you but does no damage.
You hit the ice beast but do no damage.
The ice beast is heavily wounded.
The gnoll hits you with a +0 flail.
* * * LOW HITPOINT WARNING * * *
The ice beast completely misses you.
You draw a card...
You have drawn the Dance.
The ice beast hits you.
* * * LOW HITPOINT WARNING * * *
The ice beast freezes you!
* * * LOW HITPOINT WARNING * * *
The gnoll hits you with a +0 flail!
You die...
Your body glows slightly and disappears.

.. ..### ##
#...........( ... .)#
#....#...#..# . #..##.#
#....##..... ..
.....###..#.##...##...
.....#...............
#.# ...........#..#..
####.####.##.##(g.......
...<..†..>...(..@#
.....##...##....[Y......
.....##...##....#..!...#
.....##...##............
.....#######.....#######
.....# ####### .....#
######


You could see an ice beast, a gnoll (ally target) and a friendly +0 hand axe
"Iddidynn" {elec, rElec} (summoned).

Vanquished Creatures
  A wyvern (D:4)
  A black bear (D:4)
  A scorpion (D:4)
  2 hounds (D:5)
  An orc priest (D:3)
  Jessica (D:3)
  2 orc wizards (D:3)
  7 gnolls
  6 adders
  A river rat (D:4)
  2 ufetubi (D:4)
  A dart slug (D:2)
  8 orcs
  7 bats
  10 endoplasms
  5 giant cockroaches
  6 goblins
  4 hobgoblins
  5 kobolds
  4 quokkas
  8 ball pythons
  7 frilled lizards
  5 rats
95 creatures vanquished.

Vanquished Creatures (collateral kills)
  A scorpion (D:4)
  A hound (D:4)
  An iguana (D:4)
  A giant cockroach (D:4)
4 creatures vanquished.

Grand Total: 99 creatures vanquished

Notes
Turn   | Place    | Note
-------+----------+-------------------------------------------
     0 | D:1      | freelancePsychic the Armataur Warper began the quest for
                  | the Orb.
     0 | D:1      | Reached XP level 1. HP: 18/18 MP: 3/3
    31 | D:1      | Reached skill level 2 in Maces & Flails
    45 | D:1      | Found a faded altar of an unknown god.
    51 | D:1      | Prayed at the altar of an unknown god.
    51 | D:1      | Became a worshipper of Nemelex Xobeh the Trickster
    51 | D:1      | Reached * piety under Nemelex Xobeh
    51 | D:1      | Received a gift from Nemelex Xobeh
    87 | D:1      | Reached XP level 2. HP: 21/25 MP: 4/4
   769 | D:2      | Reached skill level 1 in Invocations
   839 | D:2      | Reached ** piety under Nemelex Xobeh
   842 | D:2      | Reached XP level 3. HP: 31/31 MP: 5/5
   870 | D:2      | Reached skill level 3 in Maces & Flails
   926 | D:2      | Reached XP level 4. HP: 5/38 MP: 6/6
  1159 | D:2      | Received a gift from Nemelex Xobeh
  1250 | D:2      | Found a shimmering blue altar of Sif Muna.
  1742 | D:3      | Noticed Jessica
  1749 | D:3      | Killed Jessica
  1750 | D:3      | Reached skill level 4 in Maces & Flails
  1816 | D:3      | Reached XP level 5. HP: 43/43 MP: 7/7
  2205 | D:3      | Received a gift from Nemelex Xobeh
  2416 | D:4      | Found a hide-covered altar of Uskayaw.
  2519 | D:4      | Reached XP level 6. HP: 51/51 MP: 8/8
  2532 | D:4      | Reached skill level 5 in Maces & Flails
  2908 | D:4      | Reached *** piety under Nemelex Xobeh
  2964 | D:4      | a black bear changed into a wyvern
  2964 | D:4      | Noticed a wyvern
  2966 | D:4      | Killed a wyvern
  2967 | D:4      | Reached skill level 6 in Maces & Flails
  2967 | D:4      | Reached XP level 7. HP: 23/56 MP: 8/10
  3627 | D:5      | Entered Level 5 of the Dungeon
  3699 | D:5      | Identified the +0 hand axe "Iddidynn" {elec, rElec}
  3699 | D:5      | Slain by a gnoll

Illustrated notes

Levels and vault maps discovered:
D:1:      minmay_arrival_plants_in_alcoves, layout_basic,
          hellmonk_ecumenical_altar_slurped_away, minmay_heptomino_d4
D:2:      cheibrodos_helix_gallery, layout_loops_cross, basic_altar
D:3:      layout_loops_ring, chequers_serial_rivers_small_3,
          kennysheep_pointless_box, uniq_jessica
D:4:      layout_layer_cave, mainiacjoe_overflow_24_doors
D:5:      layout_basic, mainiacjoe_overflow_catwalk, amcnicky_altar_gilded,
          minmay_misc_feat_more_columns, interstate_on_off

Skill      XL: |  1  2  3  4  5  6  7 |
---------------+----------------------+-----
Maces & Flails | 2 3 4 6 |  6.6
Invocations    | 1 2 3 4 |  4.4
Fighting       | 2 |  2.0
Throwing       | |  0.8
Armour         | |  1.6
Dodging        | |  1.3
Spellcasting   | |  1.7
Translocations | |  3.0

Action                   |  1- 3 |  4- 6 |  7- 9 || total
-------------------------+-------+-------+-------++-------
Melee: Mace              |    76 |       |       ||    76
       Tailslap          |    11 |    18 |     7 ||    36
       Punch             |     1 |     1 |     1 ||     3
       Flail             |    18 |   163 |    34 ||   215
Throw: Dart              |       |       |     2 ||     2
Invok: Draw Destruction  |     1 |    14 |       ||    15
       Draw Escape       |       |       |     2 ||     2
       Draw Summoning    |       |       |     2 ||     2
  Use: Scroll            |       |     4 |       ||     4
Armor: Leather armour    |    15 |       |       ||    15
       Ring mail         |    33 |       |       ||    33
       Scale mail        |       |   126 |    24 ||   150
Dodge: Dodged            |    47 |    94 |    19 ||   160

Table legend: (Time is in decaauts)
 A = Elapsed time spent in this place.
 B = Non-inter-level travel time spent in this place.
 C = Inter-level travel time spent in this place.
 D = Time resting spent in this place.
 E = Time spent auto-exploring this place.
 F = Levels seen in this place.
 G = Mean time per level.
                   A        B        C        D        E       F      G
               +--------+--------+--------+--------+--------+-----+--------+
         Total |   3757 |   3625 |    132 |      0 |   2945 |   5 |  751.4 |
       Dungeon |   3757 |   3625 |    132 |      0 |   2945 |   5 |  751.4 |
               +--------+--------+--------+--------+--------+-----+--------+

Top non-repeatable levels by time:
     D:4: 1276 daAuts
     D:2: 952 daAuts
     D:3: 756 daAuts
     D:1: 699 daAuts
     D:5: 73 daAuts
